 Dungeon Crawl Stone Soup version 0.26-a0-649-gf8c6c3aab7 (webtiles) character file.

Game seed: 11911317555566982652

222 hotbaconsauce2 the Cleaver (level 5, 0/45 HPs)
             Began as a Hill Orc Fighter on Sept 27, 2020.
             Slain by a mummy (14 damage)
             ... on level 4 of the Dungeon.
             The game lasted 00:04:31 (3182 turns).

hotbaconsauce2 the Cleaver (Hill Orc Fighter)       Turns: 3182, Time: 00:04:31

Health: 0/45       AC:  6    Str: 20    XL:     5   Next: 99%
Magic:  5/5        EV:  7    Int:  8    God:
Gold:   142        SH:  9    Dex: 10    Spells: 4/4 levels left

rFire    . . .     SeeInvis .   r - +1 hand axe (venom)
rCold    . . .     Faith    .   c - +0 kite shield
rNeg     . . .     Spirit   .   b - +0 scale mail
rPois    .         Reflect  .   (no helmet)
rElec    .         Harm     .   (no cloak)
rCorr    .         Rampage  .   (no gloves)
MR       .....                  (no boots)
Stlth    ..........             (no amulet)
HPRegen  0.15/turn              (no ring)
MPRegen  0.09/turn              (no ring)

@: no status effects
A: no striking features
a: no special abilities


You were on level 4 of the Dungeon.
You visited 1 branch of the dungeon, and saw 4 of its levels.

You collected 142 gold pieces.

Inventory:

Hand Weapons
 r - a +1 hand axe of venom (weapon)
Missiles
 k - 116 stones (quivered)
Armour
 b - a +0 scale mail (worn)
 c - a +0 kite shield (worn)
Wands
 t - a wand of iceblast (6)
Scrolls
 e - 2 scrolls of fog {unknown}
 h - 5 scrolls of remove curse {unknown}
 i - a scroll of noise {unknown}
 l - 4 scrolls of identify {unknown}
 m - 2 scrolls of fear {unknown}
 p - 2 scrolls of amnesia {unknown}
 q - a scroll of magic mapping {unknown}
Potions
 a - a potion of invisibility {unknown}
 d - 2 potions of might
 f - a potion of stabbing {unknown}
 g - a potion of haste {unknown}
 j - 2 potions of curing {unknown}
 n - a potion of berserk rage {unknown}
 o - 2 potions of heal wounds {unknown}
 s - a potion of degeneration {unknown}


   Skills:
 - Level 3.6 Fighting
 * Level 8.0 Axes
 - Level 3.2 Armour
 - Level 3.2 Shields


You had 4 spell levels left.
You didn't know any spells.
Your spell library was empty.

Dungeon Overview and Level Annotations

Branches:
Dungeon (4/15)
 Temple: D:4-7

Altars:

Portals:
Ossuary: D:4


Message History

The mummy is heavily damaged.
You hit the mummy but do no damage.
The mummy is heavily damaged.
The mummy hits you.
You hit the mummy but do no damage.
The mummy is heavily damaged.
The mummy closely misses you.
You hit the mummy.
The mummy is heavily damaged.
You barely miss the mummy.
The mummy is heavily damaged.
The mummy hits you!
You completely miss the mummy.
The mummy is heavily damaged.
A frilled lizard comes into view.
The frilled lizard hisses angrily.
You hit the mummy.
The mummy is severely damaged.
The mummy hits you!
You die...

## ## ∩#
#.#..###M###.##
#.l....@.......
#.##.##.###.##.
#.# .##.##.###.#
#....(..<...#
####.##........#
.. ...######.#
###.#### #.


You could see a mummy and a frilled lizard.

Vanquished Creatures
  A phantom (D:2)
  A hound skeleton (D:3)
  A hound zombie (D:3)
  An adder (D:2)
  An ooze (D:2)
  2 worms
  2 dart slugs
  2 leopard geckos (D:3)
  7 orcs (D:3)
  4 bats
  4 giant cockroaches
  8 goblins
  8 hobgoblins
  10 jackals
  5 kobolds
  2 quokkas (D:3)
  5 frilled lizards
  9 rats
73 creatures vanquished.

Notes
Turn   | Place    | Note
-------+----------+-------------------------------------------
     0 | D:1      | hotbaconsauce2 the Hill Orc Fighter began the quest for the
                  | Orb.
     0 | D:1      | Reached XP level 1. HP: 19/19 MP: 1/1
    14 | D:1      | Reached skill level 3 in Axes
   222 | D:1      | Reached XP level 2. HP: 26/26 MP: 2/2
   323 | D:1      | Reached skill level 4 in Axes
   547 | D:1      | Reached XP level 3. HP: 29/31 MP: 3/3
  1254 | D:2      | Reached skill level 5 in Axes
  1759 | D:2      | Noticed a phantom
  1792 | D:2      | Killed a phantom
  1792 | D:2      | Reached skill level 7 in Axes
  1792 | D:2      | Reached XP level 4. HP: 8/39 MP: 4/4
  1792 | D:2      | Reached XP level 5. HP: 10/45 MP: 5/5
  3114 | D:3      | Reached skill level 8 in Axes
  3171 | D:4      | Found a sand-covered staircase.
  3182 | D:4      | Slain by a mummy

Illustrated notes

Levels and vault maps discovered:
D:1:      dpeg_arrival_arbitrary_c, layout_basic
D:2:      layout_basic
D:3:      layout_loops_ring
D:4:      layout_loops_ring, lemuel_crystal_altar,
          nicolae_overflow_crystal_walls, kennysheep_mini_moat,
          nicolae_ossuary_entry_giza, portal_sewer_entry_c,
          minmay_misc_feat_cross, corexii_corridor_pit, okawaru_metal_pillars_3,
          uniq_sigmund, uniq_robin, uniq_pikel

Skill      XL: |  1  2  3  4  5 |
---------------+----------------+-----
Axes           | 3 4 7 8 |  8.0
Fighting       | |  3.6
Armour         | |  3.2
Shields        | |  3.2

Action                   |  1- 3 |  4- 6 || total
-------------------------+-------+-------++-------
Melee: War axe           |   109 |    43 ||   152
       Hand axe          |       |    63 ||    63
Armor: Scale mail        |    46 |    29 ||    75
Dodge: Dodged            |    26 |    19 ||    45
Block: Kite shield       |    52 |    44 ||    96

Table legend: (Time is in decaauts)
 A = Elapsed time spent in this place.
 B = Non-inter-level travel time spent in this place.
 C = Inter-level travel time spent in this place.
 D = Time resting spent in this place.
 E = Time spent auto-exploring this place.
 F = Levels seen in this place.
 G = Mean time per level.
                   A        B        C        D        E       F      G
               +--------+--------+--------+--------+--------+-----+--------+
         Total |   3229 |   3122 |    107 |    331 |   2306 |   4 |  807.2 |
       Dungeon |   3229 |   3122 |    107 |    331 |   2306 |   4 |  807.2 |
               +--------+--------+--------+--------+--------+-----+--------+

Top non-repeatable levels by time:
     D:1: 1121 daAuts
     D:2: 1102 daAuts
     D:3: 989 daAuts
     D:4: 15 daAuts
